 Dungeon Crawl Stone Soup version 0.28-a0-589-g333b8329f1 (webtiles) character file.

Game seed: 17499623489122431618

30 iamoutofideas the Chopper (level 3, -4/30 HPs)
             Began as a Hill Orc Gladiator on Oct 4, 2021.
             Slain by a worm (9 damage)
             ... on level 2 of the Dungeon.
             The game lasted 00:00:33 (970 turns).

iamoutofideas the Chopper (Hill Orc Gladiator)       Turns: 970, Time: 00:00:34

Health: -4/30      AC:  4    Str: 17    XL:     3   Next: 20%
Magic:  3/3        EV: 12    Int:  8    God:
Gold:   73         SH:  0    Dex: 12    Spells: 2/2 levels left

rFire   . . .      SeeInvis .   a - +0 war axe
rCold   . . .      Faith    .   (no shield)
rNeg    . . .      Spirit   .   b - +0 leather armour
rPois   .          Reflect  .   c - +0 helmet
rElec   .          Harm     .   (no cloak)
rCorr   .          Rampage  .   (no gloves)
Will    .....                   (no boots)
Stlth   +.........              (no amulet)
HPRegen 0.10/turn               (no ring)
MPRegen 0.08/turn               (no ring)

@: no status effects
A: no striking features
a: no special abilities


You were on level 2 of the Dungeon.
You visited 1 branch of the dungeon, and saw 2 of its levels.

You collected 73 gold pieces.

Inventory:

Hand Weapons
 a - a +0 war axe (weapon)
Missiles
 d - 3 throwing nets (quivered)
Armour
 b - a +0 leather armour (worn)
 c - a +0 helmet (worn)
Scrolls
 e - a scroll of enchant armour {unknown}
 g - a scroll of acquirement {unknown}
Potions
 f - a potion of haste {unknown}


   Skills:
 + Level 2.7 Fighting
 + Level 4.7 Axes
 + Level 2.0 Throwing
 + Level 0.6 Armour
 + Level 2.7 Dodging


You had 2 spell levels left.
You didn't know any spells.
Your spell library was empty.

Dungeon Overview and Level Annotations

Branches:
Dungeon (2/15)

Altars:


Message History

The goblin is heavily wounded.
The goblin barely misses you. x2
You slash the goblin!
You kill the goblin!
Found a scroll labelled SANADDOARGH.
Things that are here:
a +0 club; a goblin corpse You barely miss the endoplasm.
The endoplasm hits you but does no damage.
You slash the endoplasm!
You kill the endoplasm!
Unknown command.
You barely miss the worm. The worm bites you.
Unknown command.
You barely miss the worm. The worm bites you!
Unknown command.
You hit the worm.
The worm is moderately wounded.
Unknown command.
You hit the worm but do no damage.
The worm is moderately wounded.
The worm closely misses you.
Unknown command.
You hit the worm.
The worm is moderately wounded.
The worm closely misses you.
You hit the worm.
The worm is moderately wounded.
The worm closely misses you.
You hit the worm but do no damage.
The worm is moderately wounded.
You hit the worm.
The worm is heavily wounded.
The worm bites you!
Found a leather armour.
The worm bites you.
* * * LOW HITPOINT WARNING * * *
You hit the worm.
The worm is heavily wounded.
The worm bites you!
You die...

## .## #..
..# ######.#
#..
##......##..
#..........
........$.#
.........<#
......?...#
[......@).#
.......w..#
#?.......##
#....."..#
..........
...........
..........#
..........#


You could see a worm.

Vanquished Creatures
  A dart slug (D:1)
  2 ball pythons (D:1)
  5 endoplasms
  2 giant cockroaches (D:1)
  2 goblins
  A hobgoblin (D:1)
  A quokka (D:1)
  5 bats (D:1)
  2 frilled lizards (D:1)
  A kobold (D:1)
  5 rats (D:1)
27 creatures vanquished.

Notes
Turn   | Place    | Note
-------+----------+-------------------------------------------
     0 | D:1      | iamoutofideas the Hill Orc Gladiator began the quest for
                  | the Orb.
     0 | D:1      | Reached XP level 1. HP: 18/18 MP: 1/1
   173 | D:1      | Reached XP level 2. HP: 21/25 MP: 2/2
   656 | D:1      | Reached XP level 3. HP: 30/30 MP: 3/3
   970 | D:2      | Slain by a worm

Illustrated notes

Levels and vault maps discovered:
D:1:      onia_arrival_pyramid, layout_basic
D:2:      layout_rooms

Skill      XL: |  1  2 |
---------------+-------+-----
Throwing       | 2 |  2.0
Fighting       | |  2.7
Axes           | |  4.7
Armour         | |  0.6
Dodging        | |  2.7

Action                   || total
-------------------------++-------
Melee: War axe           ||    79
 Stab: Sleeping          ||     1
Armor: Leather armour    ||    28
Dodge: Dodged            ||    52

Table legend: (Time is in decaauts)
 A = Elapsed time spent in this place.
 B = Non-inter-level travel time spent in this place.
 C = Inter-level travel time spent in this place.
 D = Time resting spent in this place.
 E = Time spent auto-exploring this place.
 F = Levels seen in this place.
 G = Mean time per level.
                   A        B        C        D        E       F      G
               +--------+--------+--------+--------+--------+-----+--------+
         Total |    991 |    965 |     26 |      0 |    784 |   2 |  495.5 |
       Dungeon |    991 |    965 |     26 |      0 |    784 |   2 |  495.5 |
               +--------+--------+--------+--------+--------+-----+--------+

Top non-repeatable levels by time:
     D:1: 968 daAuts
     D:2: 22 daAuts
